 Dungeon Crawl Stone Soup version 0.24-a0-779-g36f0aeb843 (webtiles) character file.

Game seed: 12529601139402633189, levelgen mode: deterministic

365 Dycilia the Chopper (level 6, -2/56 HPs)
             Began as a Hill Orc Abyssal Knight on Oct 8, 2019.
             Was a Believer of Lugonu.
             Killed from afar by Ijyb (18 damage)
             ... with a bolt of acid
             ... on level 5 of the Dungeon.
             The game lasted 00:17:56 (3749 turns).

Dycilia the Chopper (Hill Orc Abyssal Knight)       Turns: 3749, Time: 00:18:02

Health: -2/56      AC: 10    Str: 16    XL:     6   Next: 68%
Magic:  8/8        EV:  7    Int: 12    God:    Lugonu [**....]
Gold:   143        SH:  0    Dex: 11    Spells: 5/5 levels left

rFire    + . .     SeeInvis .   a - +1 hand axe
rCold    + . .     Gourm    .   (no shield)
rNeg     . . .     Faith    .   j - +0 chain mail
rPois    .         Spirit   .   (no helmet)
rElec    .         Reflect  .   (no cloak)
rCorr    .         Harm     .   (no gloves)
MR       .....                  t - +0 pair of boots
Stlth    ..........             (no amulet)
HPRegen  0.18/turn              m - ring of protection from cold
MPRegen  0.11/turn              r - ring of protection from fire

@: no status effects
A: no striking features
a: Depart the Abyss, Bend Space, Renounce Religion


You were on level 5 of the Dungeon.
You worshipped Lugonu.
Lugonu was pleased with you.
You were not hungry.

You visited 1 branch of the dungeon, and saw 5 of its levels.
You visited the Abyss 1 time.

You collected 143 gold pieces.

Inventory:

Hand Weapons
 a - a +1 hand axe (weapon)
Armour
 j - a +0 chain mail (worn)
 t - a +0 pair of boots (worn)
Jewellery
 m - a ring of protection from cold (left hand)
 r - a ring of protection from fire (right hand)
Wands
 q - a wand of acid (4)
Scrolls
 d - a scroll of enchant weapon {unknown}
 e - 4 scrolls of identify
 f - 2 scrolls of teleportation {unknown}
 i - 3 scrolls of magic mapping {unknown}
 l - a scroll of immolation {unknown}
 u - a scroll of blinking {unknown}
 v - a scroll of remove curse {unknown}
Potions
 b - a potion of lignification {unknown}
 g - a potion of flight {unknown}
 h - a potion of resistance {unknown}
 n - a potion of heal wounds {unknown}
 o - a potion of cancellation {unknown}
 p - a potion of ambrosia {unknown}
 s - a potion of haste {unknown}
Comestibles
 c - 2 rations
 k - 4 chunks of flesh


   Skills:
 + Level 5.0 Fighting
 + Level 6.6 Axes
 + Level 4.1 Armour
 - Level 1.0 Dodging
 + Level 2.7 Invocations
 + Level 0.5 Evocations


You had 5 spell levels left.
You didn't know any spells.
Your spell library was empty.

Dungeon Overview and Level Annotations

Branches:
Dungeon (5/15)
 Temple: D:4-7

Altars:
Dithmenos
Kikubaaqudgha
Ru
Sif Muna
Vehumet

Annotations:
D:4 Robin
D:5 Ijyb


Message History

The worker ant bites you but does no damage.
Ijyb screams, "Me stronger than you!" The worker ant barely misses you.
Ijyb screams, "You nasty!
Big nasty!"
The worker ant bites you but does no damage.
Ijyb closely misses you.
There is a stone staircase leading down here.
The worker ant waves its antennae.
The worker ant barely misses you.
The leopard gecko bites you but does no damage.
Ijyb barely misses you. The worker ant barely misses you.
You climb downwards.
There is a stone staircase leading up here.
You hit Ijyb but do no damage. You hit the worker ant.
You feel yourself speed up.
Ijyb zaps a wand.
The bolt of acid hits you!
You are splashed with acid!
* * * LOW HITPOINT WARNING * * *
The worker ant closely misses you.
Ijyb zaps a wand.
The bolt of acid hits you!!
You die...

##
.#######.###...
.......@.......
#......ga######
##.####....
.##### . .. ..
...


You could see Ijyb and a worker ant.

Vanquished Creatures
  A phantom (D:3)
  A gnoll shaman (D:4)
  2 orc wizards (D:4)
  2 iguanas
  Natasha (D:4)
  An adder (D:2)
  3 gnolls (D:3)
  3 oozes
  2 worms (D:2)
  2 leopard geckos
  4 orcs
  4 bats
  2 giant cockroaches
  13 goblins
  4 hobgoblins
  2 ball pythons
  8 frilled lizards
  3 kobolds
  4 rats
62 creatures vanquished.

Notes
Turn   | Place    | Note
-------+----------+-------------------------------------------
     0 | Abyss:1  | Dycilia the Hill Orc Abyssal Knight began the quest for the
                  | Orb.
     0 | Abyss:1  | Reached XP level 1. HP: 19/19 MP: 2/2
     3 | D:1      | Escaped the Abyss
   450 | D:1      | Reached skill level 1 in Dodging
   506 | D:1      | Reached XP level 2. HP: 20/27 MP: 3/3
   974 | D:2      | Reached * piety under Lugonu
  1030 | D:2      | Reached skill level 3 in Axes
  1056 | D:2      | Reached XP level 3. HP: 23/33 MP: 5/5
  1473 | D:2      | Found a shadowy altar of Dithmenos.
  1474 | D:2      | Found a sacrificial altar of Ru.
  1478 | D:2      | Found an ancient bone altar of Kikubaaqudgha.
  1478 | D:2      | Found a radiant altar of Vehumet.
  1927 | D:3      | Noticed a phantom
  1936 | D:3      | Killed a phantom
  1936 | D:3      | Reached skill level 5 in Axes
  1936 | D:3      | Reached XP level 4. HP: 41/41 MP: 6/6
  1936 | D:3      | Reached XP level 5. HP: 47/47 MP: 7/7
  2348 | D:4      | Noticed Robin
  2445 | D:4      | Found a shimmering blue altar of Sif Muna.
  2569 | D:4      | Reached XP level 6. HP: 30/55 MP: 8/8
  2577 | D:3      | Reached skill level 6 in Axes
  2787 | D:4      | Reached ** piety under Lugonu
  3694 | D:4      | Reached skill level 5 in Fighting
  3721 | D:4      | Noticed Natasha
  3725 | D:4      | Noticed Ijyb
  3740 | D:4      | Killed Natasha
  3748 | D:5      | Entered Level 5 of the Dungeon
  3749 | D:5      | Killed from afar by Ijyb

Levels and vault maps discovered:
D:1:      nicolae_arrival_somewhat_less_tricky_arrival, layout_loops_corners
D:2:      layout_rooms, grunt_temple_overflow_open, minmay_tetromino_s2
D:3:      layout_basic, nrook_mini_backslash, kennysheep_another_room
D:4:      layout_cave_pods, led_sif_book, hangedman_feature_mirror,
          lexackson_kobold_supper, uniq_edmund, uniq_ijyb, uniq_natasha,
          uniq_robin
D:5:      layout_basic, kennysheep_mini, serial_co_window_serial,
          co_window_paths_b, co_window_corner_a, co_window_paths_a,
          co_window_paths_a, co_window_paths_a, co_window_corner_b,
          co_window_corner_b, co_window_broadway_c, co_window_corner_b,
          co_window_corner_b, glass_columns_b, glass_columns_a, glass_columns_c,
          glass_columns_a, glass_columns_a, first_ration, serial_shops, shop,
          water_maze_lemuel, uniq_grinder, uniq_sigmund

Skill      XL: |  1  2  3  4  5  6 |
---------------+-------------------+-----
Dodging        | 1 |  1.0
Fighting       | 4 5 |  5.0
Axes           | 3 5 6 |  6.6
Armour         | 3 4 |  4.1
Invocations    | |  2.7
Evocations     | |  0.5

Action                   |  1- 3 |  4- 6 || total
-------------------------+-------+-------++-------
Melee: Hand axe          |   103 |   157 ||   260
Invok: Depart the Abyss  |     1 |       ||     1
       Bend Space        |       |     1 ||     1
Evoke: Wand              |     3 |     3 ||     6
  Use: Scroll            |     2 |     1 ||     3
       Potion            |       |     3 ||     3
  Eat: Chunk             |     3 |     6 ||     9
Armor: Leather armour    |     5 |       ||     5
       Chain mail        |    83 |    85 ||   168
Dodge: Dodged            |    40 |    63 ||   103

Table legend:
 A = Non-vault XP
 B = Vault XP
 C = Vault XP percentage of total XP
 D = Non-vault monster count
 E = Vault monster count
 F = Vault count percentage of total count
                 A         B        C        D         E       F
            +---------+---------+-------+---------+---------+-------
      Total |     464 |      58 |  11.1 |      48 |      14 |  22.6
            +---------+---------+-------+---------+---------+-------
        D:1 |      11 |       0 |   0.0 |       8 |       0 |   0.0
        D:2 |      51 |       2 |   3.8 |      15 |       2 |  11.8
        D:3 |     236 |       2 |   0.8 |      16 |       1 |   5.9
        D:4 |     166 |      54 |  24.5 |       9 |      11 |  55.0
            +---------+---------+-------+---------+---------+-------
